 Dungeon Crawl Stone Soup version 0.30.0-15-g856e2d3f33 (webtiles) character file.

Game seed: 4696553881829039807

431 qw the Chopper (level 6, 0/38 HPs)
             Began as a Gargoyle Fighter on May 20, 2023.
             Slain by a gnoll
             ... wielding a +0 spear of flaming
             ... led by a gnoll bouda
              (2 damage)
             ... on level 5 of the Dungeon.
             The game lasted 00:01:13 (3382 turns).

qw the Chopper (Gargoyle Fighter)                   Turns: 3382, Time: 00:01:14

Health: 0/38       AC: 18    Str: 21    XL:     6   Next: 99%
Magic:  6/6        EV:  8    Int:  9    God:
Gold:   162        SH:  4    Dex:  9    Spells: 5/5 levels left

rFire   . . .        Y - +0 war axe
rCold   . . .        c - +0 buckler
rNeg    + . .        i - +0 chain mail
rPois   inf          b - +1 helmet
rElec   +            (no cloak)
rCorr   .            g - +0 pair of gloves
SInv    .            u - +0 pair of boots
Will    .....        (no amulet) Stlth
                     (no ring)
HPRegen 0.26/turn    (no ring)
MPRegen 0.10/turn

%: no passive effects
@: no status effects
A: sickness immunity, AC +4, negative energy resistance 1, electricity
resistance, torment resistance 1, petrification resistance
a: no special abilities


You were on level 5 of the Dungeon.
You visited 1 branch of the dungeon, and saw 5 of its levels.

You collected 162 gold pieces.


Innate Abilities, Weirdness & Mutations

You are immune to sickness and miasma.
Your stone body is resilient. (AC +4)
You are immune to poison.
You resist negative energy. (rN+)
You are resistant to electric shocks. (rElec)
You are resistant to unholy torment.
You are immune to petrification.


   Skills:
 - Level 4.1 Fighting
 + Level 6.0 Axes
 - Level 3.2 Armour
 - Level 1.1 Dodging
 - Level 3.2 Shields


You had 5 spell levels left.
You didn't know any spells.
Your spell library was empty.

Inventory:

Hand Weapons
 f - a +0 whip
 Y - a +0 war axe (weapon)
Missiles
 n - 8 boomerangs (quivered)
Armour
 b - a +1 helmet (worn)
 c - a +0 buckler (worn)
 g - a +0 pair of gloves (worn)
 i - a +0 chain mail (worn)
 u - a +0 pair of boots (worn)
Wands
 e - a wand of digging (4)
Scrolls
 a - a scroll of identify
Potions
 d - 3 potions of might
 j - a potion of attraction
 k - 2 potions of curing
 l - 3 potions of mutation
 m - 2 potions of haste
 p - a potion of cancellation

Dungeon Overview and Level Annotations

Branches:
Dungeon (5/15)
 Temple: D:4-7

Altars:
Sif Muna
Wu Jian

Shops:
D:3 (


Message History

The gnoll burns you.
The gnoll hits you from afar with a +0 spear.
You hit the gnoll bouda.
You kill the gnoll bouda!
You hit the gnoll.
The gnoll hits you but does no damage. x3
Your Dodging skill increases to level 1!
You closely miss the gnoll.
The gnoll is heavily wounded.
The gnoll hits you but does no damage. x2; You block the gnoll's attack.
The gnoll hits you but does no damage. The gnoll barely misses you.
The gnoll hits you but does no damage.
You hit the gnoll.
The gnoll is heavily wounded.
You block the gnoll's attack. The gnoll barely misses you.
The gnoll hits you from afar with a +0 spear.
You closely miss the gnoll.
The gnoll is heavily wounded.
You block the gnoll's attack.
The gnoll hits you but does no damage. x2
You hit the gnoll.
The gnoll is severely wounded.
You block the gnoll's attack. The gnoll barely misses you.
The gnoll hits you from afar with a +0 spear.
You hit the gnoll.
You kill the gnoll!
The gnoll hits you from afar with a +0 spear.
You block the gnoll's attack. The gnoll hits you but does no damage.
The gnoll hits you from afar with a +0 spear.
The gnoll hits you but does no damage. The gnoll barely misses you.
Things that are here:
a +0 flail; a gnoll corpse You hit the gnoll but do no damage.
The gnoll barely misses you. The gnoll hits you but does no damage.
You barely miss the gnoll.
The gnoll hits you from afar with a +0 spear of flaming!
The gnoll burns you. You block the gnoll's attack.
You barely miss the gnoll. You block the gnoll's attack.
The gnoll hits you from afar with a +0 spear of flaming.
You die...

########.##..#.#
..
#.###.%.##....
#...##........
###.#..###..##
#....# .#
###..#### .#
#####...<.#..#
#............#
#......@...#.#
#......)g.....#
#.......g....[.
#..............
#..............
#..............
###########....
....


You could see 2 gnolls.

Vanquished Creatures
  Sigmund (D:2)
  A hound (D:5)
  2 gnoll boudas
  7 gnolls
  6 adders
  3 worms
  2 dart slugs
  5 ball pythons
  7 endoplasms
  2 giant cockroaches
  2 hobgoblins
  4 quokkas
  7 bats
  7 goblins
  2 kobolds
  4 rats
62 creatures vanquished.

Notes
Turn   | Place    | Note
-------+----------+-------------------------------------------
     0 | D:1      | qw the Gargoyle Fighter began the quest for the Orb.
     0 | D:1      | Reached XP level 1. HP: 14/14 MP: 1/1
     0 | D:1      | 0 ||| qw: Version: 0.2-a-97-g499787f
     0 | D:1      | 0 ||| qw: Game counter: 65
     0 | D:1      | 0 ||| qw: Always use a shield: true
     0 | D:1      | 0 ||| qw: God list: Okawaru
     0 | D:1      | 0 ||| qw: Allow faded altars: false
     0 | D:1      | 0 ||| qw: Do Orc after D:15 true
     0 | D:1      | 0 ||| qw: Do second Lair branch before Depths: true
     0 | D:1      | 0 ||| qw: Lair rune preference: random
     0 | D:1      | 0 ||| qw: Plans: Normal, Zot:1-4, God:TSO, Crypt, Tomb,
                  | Pan, Slime:5, Hells, Abyss, Win
     0 | D:1      | 0 ||| PLANNING D:1-11
    81 | D:1      | Reached skill level 2 in Axes
   183 | D:1      | 183 ||| DROPPING +0 club.
   543 | D:1      | 543 ||| READING 5 scrolls labelled DAYTZU FUATZE.
   544 | D:1      | 544 ||| READING scroll labelled OCUPRO LIUGG.
   593 | D:2      | 593 ||| STAIRDANCE
   599 | D:1      | Reached XP level 2. HP: 14/19 MP: 2/2
   696 | D:2      | Reached skill level 3 in Axes
   696 | D:2      | Reached XP level 3. HP: 23/23 MP: 3/3
   773 | D:2      | Noticed Sigmund
   774 | D:2      | 774 ||| Stepping ~*~*~tactically~*~*~ (hiding).
   796 | D:2      | HP: 4/23 [Sigmund/+0 scythe (3)]
   798 | D:2      | Killed Sigmund
   799 | D:2      | Reached skill level 5 in Axes
   799 | D:2      | Reached XP level 4. HP: 6/28 MP: 4/4
   799 | D:2      | Reached XP level 5. HP: 6/32 MP: 5/5
  1139 | D:2      | 1139 ||| Stepping ~*~*~tactically~*~*~ (hiding).
  1314 | D:2      | 1314 ||| UPGRADING to +0 chain mail.
  1324 | D:2      | 1324 ||| DROPPING +0 scale mail.
  1325 | D:2      | 1325 ||| READING scroll labelled OPRUG UPNA.
  1326 | D:2      | 1326 ||| READING 5 scrolls of identify.
  1326 | D:2      | 1326 ||| IDENTIFYING sedimented grey potion
  1327 | D:2      | 1327 ||| READING 4 scrolls of identify.
  1327 | D:2      | 1327 ||| IDENTIFYING yellow potion
  1328 | D:2      | 1328 ||| READING 3 scrolls of identify.
  1328 | D:2      | 1328 ||| IDENTIFYING viscous clear potion
  1329 | D:2      | 1329 ||| READING 2 scrolls of identify.
  1329 | D:2      | 1329 ||| IDENTIFYING blue potion
  1330 | D:2      | 1330 ||| DROPPING potion of berserk rage.
  1351 | D:2      | 1351 ||| Stepping ~*~*~tactically~*~*~ (stealth).
  1402 | D:3      | Found a faded altar of an unknown god.
  1459 | D:3      | 1459 ||| Stepping ~*~*~tactically~*~*~ (stealth).
  1477 | D:3      | 1477 ||| Stepping ~*~*~tactically~*~*~ (stealth).
  1597 | D:3      | 1597 ||| Stepping ~*~*~tactically~*~*~ (stealth).
  1606 | D:3      | Reached XP level 6. HP: 27/38 MP: 6/6
  1742 | D:3      | Found Xuschuur's Antique Weapon Shoppe.
  1897 | D:3      | Found a shimmering blue altar of Sif Muna.
  2204 | D:3      | 2204 ||| UPGRADING to +1 helmet.
  2209 | D:3      | 2209 ||| UPGRADING to +0 pair of gloves.
  2214 | D:3      | 2214 ||| READING 3 scrolls of identify.
  2214 | D:3      | 2214 ||| IDENTIFYING golden potion
  2413 | D:4      | Found an ornate altar of the Wu Jian Council.
  2561 | D:4      | 2561 ||| Stepping ~*~*~tactically~*~*~ (stealth).
  2903 | D:4      | HP: 6/38 [gnoll bouda/+0 whip (7)]
  2904 | D:4      | 2904 ||| DRINKING potion of heal wounds.
  3238 | D:4      | 3238 ||| DROPPING +1 ring mail of poison resistance.
  3239 | D:4      | 3239 ||| UPGRADING to +0 pair of boots.
  3244 | D:4      | 3244 ||| READING scroll labelled KEL TIECER.
  3245 | D:4      | 3245 ||| READING scroll labelled SEGEYKH PAKUUS.
  3246 | D:4      | 3246 ||| READING scroll labelled HYZEIDO CIXT.
  3276 | D:4      | 3276 ||| READING scroll labelled WYKHILEOGA.
  3277 | D:4      | 3277 ||| READING 2 scrolls of identify.
  3277 | D:4      | 3277 ||| IDENTIFYING purple potion
  3295 | D:5      | Entered Level 5 of the Dungeon
  3322 | D:5      | Reached skill level 6 in Axes
  3346 | D:5      | 3346 ||| Stepping ~*~*~tactically~*~*~ (hiding).
  3374 | D:5      | Reached skill level 1 in Dodging
  3378 | D:5      | HP: 9/38 [gnoll/+0 spear[a gnoll bouda] (3)]
  3381 | D:5      | HP: 3/38 [gnoll/+0 spear of flaming[a gnoll bouda] (7)]
  3382 | D:5      | Slain by a gnoll

Levels and vault maps discovered:
D:1:      reono_arrival_mine, layout_loops_ring
D:2:      layout_loops_ring, uniq_sigmund
D:3:      layout_loops_ring, mainiacjoe_overflow_surrounded_room, serial_shops,
          nicolae_shop_advertising_works [nicolae_subvault_shop_adworks],
          ebering_ecumenical_altar_petrified
D:4:      layout_loops_corners, nzn_wu_jian_contemplation
D:5:      layout_rooms, minmay_temple_entry_sparse_star,
          kennysheep_generic_room_13, uniq_eustachio

Skill      XL: |  1  2  3  4  5  6 |
---------------+-------------------+-----
Axes           | 2 3 5 6 |  6.0
Fighting       | 4 |  4.1
Dodging        | 1 |  1.1
Armour         | |  3.2
Shields        | |  3.2

Action                     |  1- 3 |  4- 6 || total
---------------------------+-------+-------++-------
  Melee: War axe           |    34 |   128 ||   162
  Throw: Boomerang         |       |    36 ||    36
    Use: Scroll            |     2 |    11 ||    13
         Potion            |       |     1 ||     1
 Armour: Scale mail        |     9 |     9 ||    18
         Chain mail        |       |    65 ||    65
  Dodge: Dodged            |    10 |    58 ||    68
  Block: Buckler           |     5 |    25 ||    30

Table legend:
 A = Non-vault XP
 B = Vault XP
 C = Vault XP percentage of total XP
 D = Non-vault monster count
 E = Vault monster count
 F = Vault count percentage of total count
                 A         B        C        D         E       F
            +---------+---------+-------+---------+---------+-------
      Total |     393 |     223 |  36.2 |      61 |       1 |   1.6
            +---------+---------+-------+---------+---------+-------
        D:1 |      19 |       0 |   0.0 |       4 |       0 |   0.0
        D:2 |      46 |     223 |  82.9 |      16 |       1 |   5.9
        D:3 |      83 |       0 |   0.0 |      25 |       0 |   0.0
        D:4 |     116 |       0 |   0.0 |      10 |       0 |   0.0
        D:5 |     129 |       0 |   0.0 |       6 |       0 |   0.0
            +---------+---------+-------+---------+---------+-------
